 Dungeon Crawl Stone Soup version 0.24.0-125-gc4c63601f3 (webtiles) character file.

Game seed: 4045266871902856928, levelgen mode: deterministic

114 Doot the Cutter (level 4, -2/24 HPs)
             Began as a Spriggan Chaos Knight on Mar 21, 2020.
             Was a Plaything of Xom.
             Slain by an orc wizard
             ... wielding a +0 dagger
              (3 damage)
             ... on level 3 of the Dungeon.
             The game lasted 00:04:59 (3418 turns).

Doot the Cutter (Spriggan Chaos Knight)             Turns: 3418, Time: 00:05:01

Health: -2/24      AC:  4    Str:  9    XL:     4   Next: 67%
Magic:  5/5        EV: 19    Int: 13    God:    Xom [..*...]
Gold:   125        SH:  0    Dex: 15    Spells: 3/3 levels left

rFire    + . .     SeeInvis +   a - +0 short sword (chaos)
rCold    . . .     Gourm    .   (shield restricted)
rNeg     . . .     Faith    .   b - +2 robe
rPois    .         Spirit   .   (helmet restricted)
rElec    .         Reflect  .   (no cloak)
rCorr    .         Harm     .   (gloves unavailable)
MR       .....                  (boots unavailable)
Stlth    ++........             (no amulet)
HPRegen  0.08/turn              (no ring)
MPRegen  0.09/turn              (no ring)

@: flying, lightly drained, very quick
A: very small, unfitting armour, see invisible, fire resistance 1, herbivore,
speed 3, mutation resistance 1, slow metabolism 2
a: Renounce Religion


You were on level 3 of the Dungeon.
You worshipped Xom.
You were a toy of Xom.
You were not hungry.

You visited 1 branch of the dungeon, and saw 4 of its levels.

You collected 125 gold pieces.

Inventory:

Hand Weapons
 a - a +0 short sword of chaos (weapon)
Missiles
 i - 14 poisoned darts (quivered)
Armour
 b - a +2 robe (worn)
Jewellery
 g - an uncursed ring of ice
Wands
 o - a wand of flame (10)
Scrolls
 d - 3 scrolls of remove curse {unknown}
 e - 2 scrolls of teleportation {unknown}
 f - 2 scrolls of noise {unknown}
 h - a scroll of blinking {unknown}
 j - a scroll of identify {unknown}
 k - a scroll of fog {unknown}
 m - a scroll of amnesia {unknown}
 n - a scroll of enchant armour {unknown}
 p - a scroll of magic mapping {unknown}
Comestibles
 c - 10 rations


   Skills:
 + Level 3.0(2.9) Fighting
 + Level 4.6(4.5) Short Blades
 + Level 4.4(4.3) Dodging
 + Level 2.8(2.7) Stealth


You had 3 spell levels left.
You didn't know any spells.
Your spell library was empty.

Dungeon Overview and Level Annotations

Branches:
Dungeon (4/15)
 Temple: D:4-7

Altars:
Kikubaaqudgha
Qazlal
Uskayaw

Annotations:
D:4 1 runed translucent door, VPR's ghost, amateur HOFi


Innate Abilities, Weirdness & Mutations

You are very small and have problems with some larger weapons.
You are too small for most types of armour.
You have supernaturally acute eyesight. (SInv)
You are a herbivore.
You cover ground extremely quickly.
You need to consume almost no food.
Your flesh is heat resistant. (rF+)
You are somewhat resistant to further mutation.


Message History

You closely miss the orc wizard.
The orc wizard is moderately wounded.
The orc wizard hits you with a +0 dagger.
* * * LOW HITPOINT WARNING * * *
You emit a cloud of colourful smoke!
The orc wizard barely misses you.
Unknown command.
You closely miss the orc wizard.
The orc wizard is moderately wounded.
The orc wizard hits you with a +0 dagger.
* * * LOW HITPOINT WARNING * * *
The orc wizard completely misses you.
Unknown command.
It was a potion of flight.
You feel very buoyant.
You fly up into the air.
The orc wizard completely misses you.
The orc wizard hits you but does no damage.
The orc wizard hits you with a +0 dagger.
You die...
Xom laughs nastily!

##################
.......[.......o@#
##.########.####o#
#..# #....)ยง#
##.## #..#####
#..# #..# ##.#
#..# ####.## #..#
#.....# #..#
#.###.# #..#


You could see 2 orc wizards.

Vanquished Creatures
  A hound (D:3)
  3 adders (D:3)
  An adder skeleton (D:4)
  A worm (D:3)
  A dart slug (D:3)
  2 leopard geckos
  4 orcs
  3 goblins
  2 hobgoblins (D:1)
  A quokka (D:3)
  A ball python (D:1)
  5 bats
  2 frilled lizards (D:2)
  5 kobolds
  5 rats
37 creatures vanquished.

Vanquished Creatures (collateral kills)
  An adder (D:3)
  An orc (D:3)
2 creatures vanquished.

Vanquished Creatures (others)
  A withered plant (D:4)
1 creature vanquished.

Grand Total: 40 creatures vanquished

Notes
Turn   | Place    | Note
-------+----------+-------------------------------------------
     0 | D:1      | Doot the Spriggan Chaos Knight began the quest for the Orb.
     0 | D:1      | Reached XP level 1. HP: 11/11 MP: 2/2
    78 | D:1      | XOM: silly message
   393 | D:1      | XOM: draining
   441 | D:1      | XOM: mild Ice miscast
   463 | D:1      | XOM: 2-stop teleportation journey
   540 | D:1      | Reached XP level 2. HP: 13/16 MP: 3/3
   657 | D:1      | XOM: mild Tloc miscast
   767 | D:1      | XOM: medium Tmut miscast
   768 | D:1      | Gained mutation: You are frail. (-10% HP) [mutagenic glow]
  1390 | D:1      | XOM: god gift: 6 rations
  1412 | D:1      | XOM: confuse monster(s)
  1436 | D:3      | XOM: butterfly on damage
  1633 | D:3      | XOM is BORED!
  1633 | D:3      | XOM: give mutations
  1633 | D:3      | Gained mutation: You are weak. (Str -2) [Xom's mischief]
  1633 | D:3      | Gained mutation: You are somewhat resistant to further
                  | mutation. [Xom's mischief]
  1633 | D:3      | Lost mutation: You are weak. (Str -2) [Xom's mischief]
  1694 | D:3      | Found a hide-covered altar of Uskayaw.
  1715 | D:3      | Reached skill level 1 in Stealth
  1715 | D:3      | Reached XP level 3. HP: 17/17 MP: 4/4
  1886 | D:3      | XOM: summons friendly shadow imp
  1916 | D:3      | Reached XP level 4. HP: 18/20 MP: 5/5
  1923 | D:3      | Found an ancient bone altar of Kikubaaqudgha.
  2197 | D:4      | XOM: divination: magic mapping
  2204 | D:4      | XOM: give mutations
  2204 | D:4      | Lost mutation: You are frail. (-10% HP) [Xom's grace]
  2204 | D:4      | Gained mutation: Your flesh is heat resistant. (rF+) [Xom's
                  | grace]
  2226 | D:4      | Found a runed translucent door.
  2226 | D:4      | Noticed VPR's ghost (amateur HOFi)
  2372 | D:4      | XOM: silly message
  2373 | D:4      | Found a stormy altar of Qazlal.
  2611 | D:3      | XOM: medium Tmut miscast
  2860 | D:4      | Noticed a phantom
  3106 | D:3      | XOM: mild Tloc miscast
  3143 | D:3      | XOM: harmless Tmut miscast
  3186 | D:3      | XOM: enchant monster (good)
  3297 | D:4      | XOM: harmless Pois miscast
  3299 | D:4      | XOM: mild Ice miscast
  3304 | D:4      | XOM: cast spell 'Summon Ice Beast'
  3400 | D:4      | XOM: harmless Chrm miscast
  3416 | D:3      | XOM: smoke on damage
  3417 | D:3      | HP: 1/24 [orc wizard/+0 dagger (5)]
  3418 | D:3      | Slain by an orc wizard

Levels and vault maps discovered:
D:1:      nicolae_arrival_washed_ashore, layout_basic
D:2:      layout_basic, lemuel_crystal_altar, overflow_temple_1_default,
          uniq_sigmund
D:3:      layout_basic, lemuel_round_altar, old_standard_altar, serial_curves,
          eino_curves_02, eino_curves_01, st_stairs_13
D:4:      layout_cave_pools, first_ration, gammafunk_ghost_grave,
          serial_bayou_ford_a, minivault_25, nicolae_qazlal_general_emergency

Skill      XL: |  1  2  3  4 |
---------------+-------------+-----
Short Blades   | 4 |  4.6
Dodging        | 4 |  4.4
Stealth        | 1 2 |  2.8
Fighting       | 3 |  3.0

Action                   |  1- 3 |  4- 6 || total
-------------------------+-------+-------++-------
Melee: Short sword       |    85 |    62 ||   147
  Use: Potion            |       |     1 ||     1
 Stab: Sleeping          |     4 |       ||     4
       Confused          |       |     1 ||     1
Armor: Robe              |     9 |     7 ||    16
Dodge: Dodged            |    52 |    56 ||   108
